Map: Dusk Towers

Players

timetraveler - Winner!

  • Race: Terran Terran
  • League: Gold

capac

  • Race: Terran Terran
  • League: Gold

VOD

Have the link to the VOD?

Description

Time

  • Played on: April 10, 2016, 11:26 a.m.
  • Length: 16:50
Show
View Real Time Build Order
Export as new Build Order

timetraveler Terran - Winner!

Build Orders: Reaper Expand, Bio Tank 

Get SALT Encoding   

  12  0:00  SCV  
  13  0:12  SCV  
  14  0:18  Supply Depot  
  14  0:24  SCV  
  15  0:39  SCV  
  15  0:41  Barracks  
  16  0:44  Refinery  
  16  0:51  SCV  
  17  1:03  SCV  
  18  1:15  SCV  
  19  1:28  Reaper, Orbital Command  
  20  1:44  Command Center  
  20  1:52  Supply Depot  
  20  1:53  SCV  
  21  2:01  Marine  
  22  2:05  SCV  
  23  2:17  SCV  
  23  2:19  Factory, Marine  
  23  2:20  Refinery  
  25  2:29  SCV  
  26  2:42  SCV  
  27  2:52  Marine  
  28  3:00  SCV  
  28  3:02  Factory Tech Lab  
  28  3:03  Starport  
  29  3:09  Orbital Command  
  29  3:10  Marine  
  30  3:17  SCV  
  30  3:18  Barracks  
  31  3:21  Supply Depot x2  
  31  3:26  Siege Tank  
  34  3:29  Barracks Tech Lab, SCV  
  35  3:37  SCV  
  35  3:41  SCV  
  37  3:44  Starport Reactor  
  37  3:51  SCV  
  37  3:53  Engineering Bay, SCV  
  39  4:03  SCV  
  39  4:08  Cyclone  
  39  4:09  Marine  
  44  4:16  Barracks Reactor  
  44  4:26  SCV  
  44  4:27  Marine, SCV  
  44  4:29  Command Center  
  47  4:38  Supply Depot x2  
  47  4:39  Stimpack  
  47  4:51  Marine  
  48  4:54  Marine x2  
  48  4:58  SCV x2  
  52  5:03  Terran Infantry Weapons Level 1  
  52  5:09  Marauder  
  52  5:10  SCV x2  
  56  5:17  Refinery  
  56  5:18  Refinery  
  56  5:19  Marine x2  
  58  5:22  SCV  
  58  5:26  Viking  
  61  5:28  SCV  
  61  5:30  Marine  
  61  5:33  Missile Turret  
  61  5:34  SCV, Missile Turret  
  64  5:37  Marine x2  
  66  5:48  Marauder  
  68  5:54  Marine  
  68  5:55  Marine  
  70  6:09  Marine  
  71  6:12  Marine x2  
  73  6:20  Medivac  
  73  6:21  Medivac  
  73  6:25  Armory  
  77  6:27  Marine  
  77  6:28  Supply Depot, SCV x2  
  77  6:29  Supply Depot  
  77  6:30  Marine x2  
  77  6:32  Missile Turret  
  82  6:33  Orbital Command  
  82  6:38  Siege Tank  
  85  6:40  SCV x2  
  87  6:47  Marine  
  87  6:48  Marine x2  
  90  6:58  Terran Infantry Armor Level 1  
  90  6:59  Supply Depot  
  90  7:00  Supply Depot  
  90  7:02  SCV x2  
  90  7:05  Marauder  
  90  7:06  Marine  
  86  7:18  Marine  
  86  7:19  SCV x3  
  86  7:27  Marauder  
  88  7:31  SCV x3  
  88  7:34  Refinery  
  91  7:38  Siege Tank  
  91  7:40  Marine  
  91  7:43  SCV x2  
  97  7:46  SCV  
  97  7:48  Marauder  
  100  7:55  SCV x2  
  100  7:58  SCV  
  103  8:07  Barracks, SCV x2  
  103  8:08  Barracks  
  103  8:10  Barracks, Siege Tank, SCV  
  97  8:42  Siege Tank  
  97  8:45  Marine  
  98  8:50  SCV x2  
  98  8:54  Refinery  
  96  8:56  SCV  
  96  8:58  Barracks Tech Lab, Barracks Reactor  
  96  8:59  Barracks Reactor  
  95  9:03  SCV x2  
  95  9:04  Marine x2  
  95  9:05  Marauder, Command Center  
  95  9:07  Medivac x2  
  105  9:12  Terran Vehicle Weapons Level 1  
  105  9:14  Siege Tank  
  108  9:22  Marine x2  
  110  9:26  Marauder  
  112  9:37  Medivac x2  
  116  9:39  Marine x5  
  116  9:40  Marauder, Marine  
  124  9:47  Supply Depot x2  
  124  9:49  Supply Depot  
  124  9:56  SCV  
  125  10:05  Terran Infantry Weapons Level 2  
  125  10:08  Viking, Marine x4, Medivac  
  125  10:09  Marauder x2, Marine, Siege Tank  
  125  10:10  Marine  
  142  10:19  Concussive Shells, Combat Shields  
  142  10:26  Marine x4, SCV x2  
  142  10:27  Marine  
  149  10:28  Marine  
  149  10:31  Marauder x2  
  149  10:32  Refinery  
  149  10:34  Refinery  
  154  10:38  Viking, Medivac  
  154  10:41  Siege Tank  
  161  10:52  Marauder  
  161  10:54  Marauder  
  148  10:57  Marine x4  
  148  11:03  Marine x2  
  151  11:06  Terran Vehicle And Ship Armor Level 1  
  151  11:13  Marauder, Siege Tank  
  151  11:15  Marine x3  
  151  11:16  Marauder  
  161  11:25  Marine  
  161  11:26  Marine  
  163  11:37  Marine  
  164  11:45  Marine  
  164  11:46  Supply Depot, Marine  
  164  11:47  Marine  
  164  11:48  Marauder x2  
  164  11:58  Supply Depot, Marine x2, Medivac x2  
  164  11:59  Supply Depot  
  170  12:08  Siege Tank  
  173  12:09  Marauder x2  
  173  12:10  SCV  
  178  12:21  Terran Infantry Armor Level 2  
  178  12:28  Viking, Medivac  
  178  12:29  Command Center  
  182  12:31  Marauder x2  
  186  12:40  Siege Tank  
  187  12:52  Marauder x2  
  187  12:58  Viking x2  
  187  13:01  Terran Ship Weapons Level 1  
  187  13:12  SCV  
  188  13:14  Marauder x2, SCV x2  
  192  13:25  Marine  
  193  13:28  Viking  
  193  13:33  Missile Turret  
  195  13:40  Viking  
  197  13:44  Refinery  
  197  13:50  Missile Turret  
  197  13:58  Viking  
  198  14:10  Viking  
  198  14:28  Viking  
  176  15:06  Viking x2  
  176  15:36  Viking x2  
  176  16:06  Viking x2  
  162  16:29  Marine  
  162  16:30  Marine x6  
Show
View Real Time Build Order
Export as new Build Order

capac Terran 

Build Orders: Reaper Expand 

Get SALT Encoding   

  12  0:00  SCV  
  13  0:13  SCV  
  14  0:18  Supply Depot  
  14  0:25  SCV  
  15  0:39  SCV  
  15  0:41  Barracks  
  16  0:45  Refinery  
  16  0:51  SCV  
  17  1:03  SCV  
  18  1:15  SCV  
  19  1:30  Reaper  
  19  1:31  Orbital Command  
  20  1:42  Command Center  
  20  1:50  Supply Depot  
  20  1:57  SCV  
  21  2:03  Marine  
  22  2:08  Factory  
  22  2:11  SCV  
  23  2:16  Refinery  
  23  2:21  Barracks  
  23  2:24  Barracks Reactor  
  23  2:51  SCV  
  23  2:58  Factory Tech Lab  
  23  3:02  Orbital Command  
  23  3:10  Barracks Tech Lab, Starport  
  23  3:11  Engineering Bay  
  23  3:15  SCV  
  23  3:17  Refinery  
  23  3:18  Marine x2  
  26  3:28  Siege Tank  
  26  3:30  SCV  
  30  3:34  SCV  
  30  3:41  Marine x2  
  31  3:43  Marine  
  31  3:47  Medivac  
  36  3:50  SCV x2  
  38  4:02  SCV x2  
  40  4:04  Marine x2  
  40  4:05  Marine  
  43  4:10  Siege Tank  
  46  4:24  Missile Turret  
  46  4:32  Marine x3, SCV x2  
  46  4:33  Supply Depot  
  51  4:40  Medivac  
  51  4:44  SCV  
  51  4:45  Stimpack  
  54  4:55  SCV  
  54  4:56  SCV  
  54  4:57  Missile Turret  
  56  5:04  Supply Depot  
  57  5:07  SCV  
  57  5:08  SCV  
  57  5:12  Marine x3  
  61  5:15  Starport Reactor  
  61  5:24  Terran Infantry Weapons Level 1  
  61  5:30  Marine x3  
  64  5:38  Siege Tank  
  64  5:40  SCV  
  64  5:41  SCV  
  69  5:48  Marine  
  70  5:50  Refinery  
  70  6:31  Supply Depot  
  70  6:32  Marine x3, Siege Tank  
  76  6:37  Viking  
  78  6:44  Command Center  
  78  6:45  Starport  
  78  6:52  Viking  
  80  6:56  Marine  
  80  6:57  Marine x2  
  83  7:05  Barracks  
  83  7:07  Barracks  
  83  7:20  Marine x3  
  67  7:23  Starport Reactor  
  67  7:24  Siege Tank  
  70  7:31  Viking x2  
  70  7:35  SCV x2  
  76  7:38  Marine x3  
  79  7:48  Supply Depot  
  79  7:55  Marine, Barracks Reactor  
  79  7:56  Marine x2, Barracks Reactor  
  82  8:04  Missile Turret  
  82  8:12  Medivac x2  
  59  8:48  SCV  
  59  8:49  SCV  
  59  9:00  SCV  
  59  9:01  SCV  
  61  9:13  SCV x2  
  63  9:21  Orbital Command  
  63  9:25  SCV  
  63  9:26  Marine x2  
  63  9:27  Marine x4  
  63  9:28  Marine  
  71  9:35  SCV  
  71  9:37  SCV  
  73  9:49  Reaper x2  
  75  9:53  SCV  
  75  9:54  SCV x2  
  75  9:58  Viking  
  75  9:59  Viking x3  
  86  10:05  SCV  
  86  10:06  SCV x2  
  89  10:18  SCV x2  
  89  10:19  Marine x5, Missile Turret  
  96  10:21  Missile Turret  
  96  10:25  Supply Depot x2  
  96  10:26  Marine x2, Liberator x3  
  98  10:29  Liberator  
  96  10:41  Siege Tank  
  111  10:52  SCV x3  
  111  10:54  Bunker  
  94  11:04  Marine  
  94  11:05  Marine x3  
  96  11:52  Marine  
  96  11:53  Marine x6  
  103  12:00  Viking x2  
  103  12:01  Viking  
  109  12:10  Marine  
  110  12:15  Supply Depot  
  110  12:18  Command Center  
  110  12:37  Marine x7  
  117  12:54  Marine  
  118  13:29  Viking, Marine x7  
  118  13:31  Medivac x2  
  131  13:47  Marine x2  
  133  13:55  Orbital Command  
  133  14:20  Marine x3  
  133  14:43  Marine  
  133  14:44  Marine x2  
  132  14:46  Viking  
  133  14:58  Viking  
  132  15:37  Medivac x2  
  132  15:40  Supply Depot x2  
  133  15:43  Viking  
Tags
 
Add a new tag
Caveats
  • Supply blocks, unpowered buildings, or Contaminate may cause inaccurate times.
  • Supply counts are checked every 10 seconds.